 Dungeon Sprint DCSS version 0.22-a0-368-g870eee8 (webtiles) character file.

10284 KristoblXynda the Fencer (level 11, -10/92 HPs)
             Began as a Grey Draconian Fighter on Apr 23, 2018.
             Was the Champion of Cheibriados.
             Hit by a large rock thrown by Polyphemus (18 damage)
             ... in the Dungeon (Sprint VII: "The Pits").
             The game lasted 00:08:12 (2272 turns).

KristoblXynda the Fencer (Grey Draconian Fighter)   Turns: 2272, Time: 00:08:12

Health: -10/92     AC: 12    Str: 38    XL:     11   Next: 34%
Magic:  19/19      EV: 23    Int: 27    God:    Cheibriados [******]
Gold:   0          SH: 17    Dex: 29    Spells: 10/10 levels left

rFire    . . .     SeeInvis .   p - +4 scimitar (flame)
rCold    . . .     Gourm    .   b - +0 shield
rNeg     . . .     Faith    .   (armour unavailable)
rPois    +         Spirit   .   (helmet restricted)
rElec    .         Reflect  .   (no cloak)
rCorr    .         Harm     .   (no gloves)
MR       .....     Clarity  +   (no boots) Stlth +++++.....NoTele +
                                (no amulet)
HPRegen  0.25/turn              g - +3 ring of strength
MPRegen  0.16/turn              a - +3 ring of dexterity

@: very slightly contaminated, very slow
A: walk through water, unfitting armour, stinger 1, clarity, clever 1, poison
resistance, unbreathing, cold-blooded, AC +12
a: Bend Time, Temporal Distortion, Slouch, Step From Time, Renounce Religion


You were in the Dungeon.
You worshipped Cheibriados.
Cheibriados was exalted by your worship.
You were not hungry.

You visited 1 branch

Inventory:

Hand Weapons
 p - a +4 scimitar of flaming (weapon)
 q - a +2 long sword of holy wrath
Armour
 b - a +0 shield (worn)
Jewellery
 a - a +3 ring of dexterity (right hand)
 g - a +3 ring of strength (left hand)
Scrolls
 m - 3 scrolls of remove curse
 n - 5 scrolls of amnesia
 o - a scroll of summoning
Potions
 c - a potion of might
 e - 7 potions of curing
 h - 4 potions of magic
 i - a potion of agility
 k - 3 potions of brilliance
 l - 2 potions of invisibility
Comestibles
 d - 8 rations


   Skills:
 + Level 7.0 Fighting
 - Level 15.2 Long Blades
 - Level 10.0 Dodging
 + Level 10.0 Stealth
 + Level 15.0 Shields
 - Level 10.6 Invocations


You had 10 spell levels left.
You didn't know any spells.

Dungeon Overview and Level Annotations

Branches:
Dungeon (1/1)

Altars:
Ashenzari
Cheibriados
Dithmenos
Elyvilon
Fedhas
Gozag
Hepliaklqana
Kikubaaqudgha
Makhleb
Nemelex Xobeh
Okawaru
Qazlal
Ru
Sif Muna
Trog
Uskayaw
Vehumet
Wu Jian
Xom
Yredelemnul
Zin
The Shining One
Beogh
Jiyva
Lugonu

Annotations:
D Polyphemus, Urug


Innate Abilities, Weirdness & Mutations

You can walk through water.
Your dull iron-grey scales are very hard. (AC +12)
You cannot fit into any form of body armour.
You can survive without breathing.
You are cold-blooded and may be slowed by cold attacks.
Your tail ends in a poisonous barb.
You possess an exceptional clarity of mind.
Your mind is acute. (Int +2)
Your system is resistant to poisons. (rPois)


Message History

You slash Polyphemus! You burn Polyphemus!
You tail-slap Polyphemus, but do no damage.
Polyphemus is severely wounded.
You block Polyphemus's attack. Polyphemus hits you!
* * * LOW HITPOINT WARNING * * *
You feel much better. You block Polyphemus's attack. Polyphemus hits you.
Urug completely misses you.
A guardian mummy comes into view.
You feel much better. Polyphemus hits you!!! Polyphemus hits you!
* * * LOW HITPOINT WARNING * * *
Urug hits you from afar with an enchanted demon trident!
* * * LOW HITPOINT WARNING * * *
Okay, then.
Unknown command.
Blink to where?
Press: ? - help, Dir - move target cursor You are very lightly contaminated with residual magic.
As you read the scroll of blinking, it crumbles to dust.
Polyphemus throws a large rock.
The large rock hits you!!
You die...

..........# #..#......#
..........+ ..........+
#..#......# ..........#
###''###### .##''# #####
######## .##..###...###..@...#
.##..(##...##..##...### .
.###.)(##)##..###...'.## .T .#
##).........##..)#..## ...
.###))###+###...##'##...###...#
.##..##.....##..#(.(#...#.e....
###..'†......+..+...Co4.M......
###..##.....##..#..§#...#....T.
[###..###+###...##+##...# #...#


You could see Polyphemus.

Vanquished Creatures
  A death yak (D)
  A sea snake (D)
  A phantasmal warrior (D)
  3 deep elf magi (D)
  A cyclops (D)
  A manticore (D)
  A merfolk siren (D)
  Psyche (D)
  An eye of devastation (D)
  A gargoyle (D)
  An efreet (D)
  2 jumping spiders (D)
  A red devil (D)
  2 trolls (D)
  A bog body (D)
  6 dream sheep (D)
  A hippogriff (D)
  A tarantella (D)
  A redback (D)
  A shadow (D)
  A wyvern (D)
  A basilisk (D)
  A fire bat (D)
  3 hell hounds (D)
  A floating eye (D)
  A porcupine (D)
  A sky beast (D)
  A black bear (D)
  2 ice beasts (D)
  A necrophage (D)
  An ogre (D)
  4 wolves (D)
  10 killer bees (D)
  A quasit (D)
  A jelly (D)
  A gnoll shaman (D)
  2 worker ants (D)
  6 gnolls (D)
  2 ufetubi (D)
  An orc (D)
  2 bats (D)
  A bat skeleton (D)
  A kobold (D)
  A quokka (D)
  A ball python zombie (D)
  A giant cockroach zombie (D)
  A rat (D)
79 creatures vanquished.

Notes
Turn   | Place    | Note
-------+----------+-------------------------------------------
     0 | D        | KristoblXynda the Draconian Fighter began the quest for the Orb.
     0 | D        | Reached XP level 1. HP: 19/19 MP: 1/1
    26 | D        | Noticed a floating eye
    29 | D        | Paralysed by a floating eye for 4 turns
    34 | D        | Killed a floating eye
    34 | D        | Reached skill level 5 in Shields
    34 | D        | Reached XP level 2. HP: 26/26 MP: 2/2
    34 | D        | Reached XP level 3. HP: 31/31 MP: 3/3
    34 | D        | Reached XP level 4. HP: 38/38 MP: 4/4
    61 | D        | Found a glowing golden altar of the Shining One.
    61 | D        | Found a glowing silver altar of Zin.
    61 | D        | Found a basalt altar of Yredelemnul.
    61 | D        | Found a shimmering altar of Xom.
    61 | D        | Found an ornate altar of the Wu Jian Council.
    61 | D        | Found a bloodstained altar of Trog.
    61 | D        | Found a deep blue altar of Sif Muna.
    61 | D        | Found a sacrificial altar of Ru.
    61 | D        | Found a stormy altar of Qazlal.
    61 | D        | Found an iron altar of Okawaru.
    61 | D        | Found a sparkling altar of Nemelex Xobeh.
    61 | D        | Found a burning altar of Makhleb.
    61 | D        | Found a viscous altar of Jiyva.
    61 | D        | Found a hazy altar of Hepliaklqana.
    61 | D        | Found an opulent altar of Gozag.
    61 | D        | Found a blossoming altar of Fedhas.
    61 | D        | Found a white marble altar of Elyvilon.
    61 | D        | Found a shadowy altar of Dithmenos.
    61 | D        | Found a snail-covered altar of Cheibriados.
    62 | D        | Found a radiant altar of Vehumet.
    62 | D        | Found a corrupted altar of Lugonu.
    62 | D        | Found a roughly hewn altar of Beogh.
    63 | D        | Found a hide-covered altar of Uskayaw.
    63 | D        | Found an ancient bone altar of Kikubaaqudgha.
    63 | D        | Found a shattered altar of Ashenzari.
    69 | D        | Became a worshipper of Cheibriados the Contemplative
    97 | D        | Reached * piety under Cheibriados
   106 | D        | Reached ** piety under Cheibriados
   118 | D        | Reached skill level 5 in Dodging
   130 | D        | Reached *** piety under Cheibriados
   130 | D        | Reached XP level 5. HP: 27/45 MP: 5/5
   287 | D        | Noticed an ice beast
   288 | D        | Noticed an ogre
   296 | D        | Killed an ice beast
   304 | D        | Reached **** piety under Cheibriados
   305 | D        | Reached XP level 6. HP: 51/51 MP: 6/6
   311 | D        | Reached ***** piety under Cheibriados
   314 | D        | Noticed a fire bat
   320 | D        | Killed a fire bat
   320 | D        | Reached skill level 10 in Long Blades
   413 | D        | Your scales start taking on a dull iron-grey colour.
   413 | D        | Reached XP level 7. HP: 54/57 MP: 9/9
   413 | D        | Gained mutation: You can survive without breathing. [Grey Draconian growth]
   415 | D        | Noticed a sea snake
   430 | D        | Killed a sea snake
   430 | D        | Reached XP level 8. HP: 12/63 MP: 9/12
   682 | D        | Noticed a deep elf mage
   694 | D        | Killed a deep elf mage
   694 | D        | Reached skill level 10 in Shields
   696 | D        | Reached ****** piety under Cheibriados
   820 | D        | Noticed a deep elf mage
   820 | D        | Noticed a bog body
   825 | D        | Killed a bog body
   828 | D        | Noticed a demonic crawler
   828 | D        | Noticed a jumping spider
   850 | D        | Killed a deep elf mage
   850 | D        | Reached skill level 10 in Dodging
   850 | D        | Reached XP level 9. HP: 41/70 MP: 13/15
   984 | D        | Gained mutation: Your system is resistant to poisons. (rPois) [potion of mutation]
   984 | D        | Gained mutation: Your tail ends in a poisonous barb. [potion of mutation]
   984 | D        | Gained mutation: Your mind is acute. (Int +2) [potion of mutation]
   984 | D        | Gained mutation: You possess an exceptional clarity of mind. [potion of mutation]
  1083 | D        | Noticed a cyclops
  1098 | D        | Killed a cyclops
  1100 | D        | Reached skill level 10 in Invocations
  1396 | D        | Reached skill level 1 in Stealth
  1481 | D        | Noticed an efreet
  1488 | D        | Killed an efreet
  1488 | D        | Reached XP level 10. HP: 63/77 MP: 18/18
  1564 | D        | Noticed Psyche
  1565 | D        | Noticed a death yak
  1582 | D        | Killed a death yak
  1588 | D        | Killed Psyche
  1588 | D        | Reached skill level 5 in Stealth
  1648 | D        | Noticed a phantasmal warrior
  1662 | D        | Noticed a gargoyle
  1663 | D        | Noticed a deep elf mage
  1668 | D        | Killed a gargoyle
  1670 | D        | Killed a deep elf mage
  1784 | D        | Reached skill level 15 in Long Blades
  1888 | D        | Killed a phantasmal warrior
  2007 | D        | Noticed a manticore
  2012 | D        | Reached XP level 11. HP: 81/83 MP: 19/19
  2038 | D        | Reached skill level 5 in Fighting
  2220 | D        | Noticed a deep elf mage
  2224 | D        | Noticed Polyphemus
  2249 | D        | Reached skill level 15 in Shields
  2253 | D        | Reached skill level 10 in Stealth
  2263 | D        | Noticed Urug
  2272 | D        | Hit by a large rock thrown by Polyphemus

Vault maps used:
D:        pitsprint

Skill      XL: |  1  2  3  4  5  6  7  8  9 10 11 |
---------------+----------------------------------+-----
Long Blades    | 6 7 9 10 11 12 13 15 | 15.2
Dodging        | 4 5 6 7 8 10 | 10.0
Shields        | 5 6 8 9 10 12 14 15 | 15.0
Invocations    | 3 6 8 10 | 10.6
Stealth        | 2 8 10 | 10.0
Fighting       | 7 |  7.0

Action                   |  1- 3 |  4- 6 |  7- 9 | 10-12 || total
-------------------------+-------+-------+-------+-------++-------
Melee: Long sword        |     4 |    42 |    60 |       ||   106
       Tailslap          |     2 |    12 |    28 |    44 ||    86
       Scimitar          |       |       |    43 |   121 ||   164
  Use: Potion            |       |       |     1 |     6 ||     7
       Scroll            |       |       |       |     1 ||     1
 Stab: Sleeping          |       |     1 |     1 |       ||     2
  Eat: Ration            |       |       |       |     1 ||     1
Armor: Skin              |       |     5 |    18 |    12 ||    35
Dodge: Dodged            |       |    27 |    58 |    46 ||   131
Block: Shield            |       |    18 |    72 |    77 ||   167
       Rpst.: Long sword |       |     8 |     7 |       ||    15
       Scimitar          |       |       |    10 |     9 ||    19

Table legend:
 A = Spawn XP
 B = Non-spawn XP
 C = Spawn XP percentage of total XP
 D = Spawn monster count
 E = Non-spawn monster count
 F = Spawn count percentage of total count
 G = Total turns spent on level
                    A         B        C        D         E        F      G
               +---------+---------+-------+---------+---------+-------+---------
         Total |       0 |   14692 |   0.0 |       0 |      79 |   0.0 |  2272
               +---------+---------+-------+---------+---------+-------+---------
             D |       0 |   14692 |   0.0 |       0 |      79 |   0.0 |  2272
               +---------+---------+-------+---------+---------+-------+---------
